 Dungeon Crawl Stone Soup version 0.30.1-9-gdf580d7c3d (webtiles) character file.

Game seed: 9629918287782782686

641 kingofstarryskies the Shield-Bearer (level 7, -6/60 HPs)
             Began as a Hill Orc Fighter on Sept 25, 2023.
             Was an Initiate of Beogh.
             Mangled by Wiggles's ghost (9 damage)
             ... on level 5 of the Dungeon.
             The game lasted 00:15:38 (3751 turns).

kingofstarryskies the Shield-Bearer (HOFi)          Turns: 3751, Time: 00:15:39

Health: -6/60      AC: 13    Str: 27    XL:     7   Next: 51%
Magic:  7/7        EV:  7    Int: 14    God:    Beogh [......]
Gold:   328        SH:  5    Dex: 10    Spells: 6/6 levels left

rFire   . . .        t - +2 war axe (flame)
rCold   . . .        c - +0 buckler
rNeg    . . .        n - +0 plate armour
rPois   .            f - +1 hat
rElec   .            (no cloak)
rCorr   .            u - +0 pair of gloves
SInv    .            (no boots)
Will    .....        l - amulet of regeneration Stlth
                     e - +6 ring of strength
HPRegen 1.10/turn    k - +6 ring of intelligence
MPRegen 0.10/turn

%: no passive effects
@: no status effects
A: no striking features
a: Renounce Religion


You were on level 5 of the Dungeon.
You worshipped Beogh.
Beogh was noncommittal.
You visited 1 branch of the dungeon, and saw 5 of its levels.

You collected 328 gold pieces.

Inventory:

Hand Weapons
 b - a +2 heavy hand axe
 t - a +2 war axe of flaming (weapon)
Missiles
 d - 3 poisoned darts (quivered)
Armour
 c - a +0 buckler (worn)
 f - a +1 hat (worn)
 n - a +0 plate armour (worn)
 u - a +0 pair of gloves (worn)
Jewellery
 e - a +6 ring of strength (left hand)
 k - a +6 ring of intelligence (right hand)
 l - an amulet of regeneration (around neck)
 r - a ring of protection from cold
Scrolls
 i - 3 scrolls of noise
 m - a scroll of magic mapping
 p - a scroll of immolation
Potions
 a - a potion of brilliance {unknown}
 g - a potion of mutation {unknown}
 h - a potion of cancellation
 j - 2 potions of curing
 q - 3 potions of berserk rage


   Skills:
 + Level 4.3 Fighting
 + Level 5.8(6.7) Axes
 + Level 4.2(5.2) Maces & Flails
 - Level 3.4 Armour
 + Level 6.4 Shields


You had 6 spell levels left.
You didn't know any spells.
Your spell library contained the following spells:

 Spells                   Type           Power      Damage    Failure   Level
 Summon Small Mammal      Summ           0%         N/A       99%         1
 Cigotuvi's Dreadful Rot  Necr/Pois/Air  0%         N/A       100%        2
 Call Canine Familiar     Summ           0%         N/A       100%        3
 Summon Guardian Golem    Hex/Summ       0%         N/A       100%        3
 Dispel Undead            Necr           0%         3d6       100%        4
 Death Channel            Necr           0%         N/A       100%        6


Dungeon Overview and Level Annotations

Branches:
Dungeon (5/15)             Temple (0/1) D:4

Altars:
Ashenzari
The Shining One

Annotations:
D:5 Wiggles's ghost, novice MiBe


Message History

Wiggles's ghost is moderately damaged.
Wiggles's ghost hits you.
You hit Wiggles's ghost but do no damage.
Wiggles's ghost is moderately damaged.
Wiggles's ghost hits you!
You hit Wiggles's ghost but do no damage.
Wiggles's ghost is moderately damaged.
Wiggles's ghost hits you but does no damage.
Unknown command.
You feel better. Wiggles's ghost hits you.
You barely miss Wiggles's ghost.
Wiggles's ghost is moderately damaged.
Wiggles's ghost hits you!
* * * LOW HITPOINT WARNING * * *
Wiggles's ghost hits you but does no damage.
Throw: throwing net
Press: ? - help, Q - select action, (/) - cycle Shift-Dir - straight line, f - Wiggles's ghost
Aim: Wiggles's ghost (lightly damaged, 73% to hit, immune to nets)
You throw a throwing net.
The throwing net barely misses Wiggles's ghost.
The throwing net closely misses the ball python.
You block Wiggles's ghost's attack.
Okay, then.
Okay, then.
Really read the scroll of immolation?
Uppercase [Y]es or [N]o only, please.
Really read the scroll of immolation?
As you read the scroll of immolation, it crumbles to dust.
The creatures around you are filled with an inner flame!
Wiggles's ghost completely misses you.
Wiggles's ghost attacks as you move away!
Wiggles's ghost hits you!
* * * LOW HITPOINT WARNING * * *
You barely miss Wiggles's ghost.
Wiggles's ghost is lightly damaged.
You block Wiggles's ghost's attack.
Okay, then.
Wiggles's ghost attacks as you move away!
Wiggles's ghost hits you!
You die...

#.# ........... #.#
.##.##...## ..# #
##..# ### #..# #..##
#.... #.### #########
#.# #.W@....# #.#
#S#####.# #.# ##†# #.#
#.#
##w.#####.########.#
#..(##...†.........##
##'###.##.#######...##
#~~~#. .<.# #......
#~~~##.#### ##...##
#~~~## ##.##


You could see Wiggles's ghost (inner flame) and a ball python (inner flame).

Vanquished Creatures
  A sky beast (D:4)
  A scorpion (D:5)
  A crimson imp (D:3)
  A hound (D:5)
  A gnoll bouda (D:4)
  2 orc priests (D:5)
  2 iguanas (D:5)
  3 orc wizards
  8 gnolls
  3 adders
  An ufetubus (D:5)
  A worm (D:3)
  3 dart slugs
  11 orcs
  4 bats (D:3)
  6 endoplasms
  3 giant cockroaches
  6 hobgoblins
  5 jackals
  9 kobolds
  3 quokkas
  10 ball pythons
  4 frilled lizards
  4 goblins
  2 goblin skeletons (D:3)
  3 goblin zombies (D:3)
  2 hobgoblin zombies (D:3)
  2 kobold skeletons (D:3)
  A kobold zombie (D:3)
  3 rats (D:2)
106 creatures vanquished.

Notes
Turn   | Place    | Note
-------+----------+-------------------------------------------
     0 | D:1      | kingofstarryskies the Hill Orc Fighter began the quest for
                  | the Orb.
     0 | D:1      | Reached XP level 1. HP: 19/19 MP: 1/1
    70 | D:1      | Reached XP level 2. HP: 26/27 MP: 2/2
   159 | D:1      | Reached skill level 1 in Maces & Flails
   601 | D:1      | Reached XP level 3. HP: 27/33 MP: 3/3
  1170 | D:2      | Found a faded altar of an unknown god.
  1752 | D:3      | Reached XP level 4. HP: 40/40 MP: 4/4
  2164 | D:3      | Reached skill level 4 in Shields
  2164 | D:3      | Reached XP level 5. HP: 42/46 MP: 5/5
  2189 | D:3      | Found a glowing golden altar of the Shining One.
  2757 | D:3      | Reached skill level 5 in Shields
  2792 | D:4      | Reached XP level 6. HP: 40/52 MP: 6/6
  2812 | D:4      | Noticed a sky beast
  2824 | D:4      | Killed a sky beast
  3004 | D:4      | Found a staircase to the Ecumenical Temple.
  3005 | D:4      | Became a worshipper of Beogh the Brigand
  3154 | D:4      | Found a broken altar of Ashenzari.
  3249 | D:5      | Entered Level 5 of the Dungeon
  3268 | D:5      | Reached skill level 6 in Shields
  3409 | D:5      | Reached XP level 7. HP: 59/59 MP: 7/7
  3442 | D:5      | Reached skill level 5 in Axes
  3718 | D:5      | Found a runed translucent door.
  3720 | D:5      | Noticed Wiggles's ghost (novice MiBe)
  3749 | D:5      | HP: 1/60 [Wiggles's ghost (14)]
  3751 | D:5      | Mangled by Wiggles's ghost

Illustrated notes

Levels and vault maps discovered:
D:1:      minmay_arrival_open_corners, layout_basic, grunt_decor_fettered,
          nicolae_concentric_dashed_squares_mild
D:2:      layout_basic, hellmonk_ecumenical_altar_run_dry, minmay_heptomino_o4
D:3:      layout_loops_corners, nicolae_tso_besieged_by_evil,
          kennysheep_generic_room_12
D:4:      layout_cave_pools, nicolae_overflow_crystal_walls,
          minmay_temple_entry_proselytizer
D:5:      layout_loops_corners, ebering_ghost_sewer_f, minmay_misc_feat_ornament

Skill      XL: |  1  2  3  4  5  6  7 |
---------------+----------------------+-----
Maces & Flails | 1 3 4 |  4.2
Shields        | 4 5 6 |  6.4
Fighting       | 4 |  4.3
Axes           | 4 5 |  5.8
Armour         | |  3.4

Action                     |  1- 3 |  4- 6 |  7- 9 || total
---------------------------+-------+-------+-------++-------
  Melee: War axe           |   102 |   178 |    54 ||   334
  Throw: Throwing net      |       |       |     1 ||     1
 Invoke: Convert to Beogh  |       |     1 |       ||     1
    Use: Scroll            |     6 |     3 |     2 ||    11
         Potion            |       |     4 |     3 ||     7
 Armour: Scale mail        |    47 |       |       ||    47
         Plate armour      |     9 |   113 |    35 ||   157
  Dodge: Dodged            |    50 |    61 |    15 ||   126
  Block: Buckler           |    25 |    44 |    10 ||    79
